[Event "4th Nikity Blitz 2024"]
[Site "Niteroi"]
[Date "2024.08.31"]
[Round "8.2"]
[White "Pires, Marcos Vinicius Tors"]
[Black "Filgueiras, Nathan Felipe"]
[Result "1/2-1/2"]
[ECO "D02"]
[WhiteElo "2212"]
[BlackElo "2316"]
[Annotator "RC"]
[PlyCount "150"]
[EventDate "2024.08.28"]
[EventType "swiss"]
[EventCountry "BRA"]
[SourceTitle "playchess.com"]
[Source "ChessBase"]
[SourceQuality "1"]
[TimeControl "180+2"]

1. d4 Nf6 2. Bf4 e6 3. e3 c5 4. c3 Nc6 5. Nd2 d5 6. Ngf3 Nh5 7. Bg5 Qb6 8. Rb1 h6 9. Bh4 g5 10. Bg3 cxd4 11. exd4 Nxg3 12. hxg3 Bg7 13. Bd3 Qc7 14. Qe2 g4 15. Nh4 h5 16. Nf5 Kf8 17. Nxg7 Kxg7 18. Nf1 e5 19. dxe5 Qxe5 20. Ne3 Be6 21. O-O Rae8 22. Rfe1 Qg5 23. Qd2 Qf6 24. Nc2 h4 25. Qf4 hxg3 26. Qxf6+ Kxf6 27. fxg3 Rh5 28. Rf1+ Ke7 29. Rbe1 Reh8 30. Kf2 Kd6 31. a3 a5 32. Ke3 Rh2 33. Rf2 R2h5 34. Kd2 Re5 35. Ne3 d4 36. Nc4+ Bxc4 37. Bxc4 dxc3+ 38. bxc3 Rxe1 39. Kxe1 Ne5 40. Be2 Rc8 41. Kd2 Rc5 42. Rf4 Ke6 43. Bxg4+ Nxg4 44. Rxg4 Rb5 45. Kd3 Rb2 46. Re4+ Kd6 47. Rf4 Ke6 48. Re4+ Kd6 49. Ra4 b6 50. Rd4+ Ke6 51. Re4+ Kd6 52. Rd4+ Ke6 53. Re4+ Kf6 54. Rf4+ Kg6 55. Rg4+ Kf5 56. Rf4+ Ke6 57. Re4+ Kd6 58. Rd4+ Kc6 59. Rf4 Rxg2 60. Rxf7 Rxg3+ 61. Kc4 Rg4+ 62. Kb3 a4+ 63. Kc2 Rg2+ 64. Kd3 Ra2 65. Kc4 Rxa3 66. Rf6+ Kb7 67. Kb4 Ra1 68. Kb5 a3 69. Rxb6+ Kc7 70. Ra6 a2 71. Kc4 Kb7 72. Ra4 Kc6 73. Kb3 Kb5 74. Rxa2 Rxa2 75. Kxa2 Kc4 1/2-1/2

[Event "4th Nikity Blitz 2024"]
[Site "Niteroi"]
[Date "2024.08.31"]
[Round "8.3"]
[White "Do Valle Cardoso, Lucas"]
[Black "Rangel, Daniel"]
[Result "1-0"]
[ECO "B76"]
[WhiteElo "2365"]
[BlackElo "2198"]
[Annotator "RC"]
[PlyCount "61"]
[EventDate "2024.08.28"]
[EventType "swiss"]
[EventCountry "BRA"]
[SourceTitle "playchess.com"]
[Source "ChessBase"]
[SourceQuality "1"]
[TimeControl "180+2"]

1. e4 c5 2. Nf3 d6 3. d4 cxd4 4. Nxd4 Nf6 5. Nc3 g6 6. Be3 Bg7 7. f3 O-O 8. Qd2 Nc6 9. O-O-O Nxd4 10. Bxd4 Be6 11. Kb1 Qc7 12. g4 Rfc8 13. h4 Qa5 14. a3 Rab8 15. h5 b5 16. h6 b4 17. Nb5 Bf8 18. Qxb4 Qd8 19. Bxa7 Rb7 20. a4 Nd7 21. Bd4 Ra8 22. b3 Qb8 23. Bc4 Bxc4 24. Qxc4 e6 25. f4 Nb6 26. Bxb6 Rxb6 27. f5 d5 28. exd5 exf5 29. gxf5 Ra5 30. fxg6 hxg6 31. Qc3 1-0

[Event "4th Nikity Blitz 2024"]
[Site "Niteroi"]
[Date "2024.08.31"]
[Round "8.4"]
[White "Mekhitarian, Krikor Sevag"]
[Black "Aranha Filho, Alvaro Z."]
[Result "1-0"]
[ECO "D45"]
[WhiteElo "2560"]
[BlackElo "2196"]
[Annotator "TA"]
[PlyCount "101"]
[EventDate "2024.08.28"]
[EventType "swiss"]
[EventCountry "BRA"]
[SourceTitle "playchess.com"]
[Source "ChessBase"]
[SourceQuality "1"]
[TimeControl "180+2"]

1. Nf3 d5 2. c4 c6 3. d4 Nf6 4. Nc3 e6 5. Qc2 Nbd7 6. e4 dxe4 7. Nxe4 Nxe4 8. Qxe4 Bb4+ 9. Bd2 Bxd2+ 10. Nxd2 O-O 11. O-O-O c5 12. Nf3 cxd4 13. Qxd4 {[%emt 0:00:09] The position is equal.} Qa5 {[%emt 0:00:07] Inhibits Ne5.} 14. Kb1 Qc5 15. Bd3 Qxd4 16. Nxd4 Nc5 17. Bc2 e5 (17... Bd7 $11 {keeps the balance.}) 18. Nb5 $36 {[%emt 0:00:06][%mdl 2048] White is on the roll.} Bd7 (18... f6 $142) 19. Rd5 Bxb5 20. cxb5 Rac8 21. Rxe5 Rfe8 22. Rhe1 Rxe5 23. Rxe5 {[%emt 0:00:02][%mdl 4096] Endgame. Bf5 is the strong threat. KRB-KRN} Kf8 24. h4 {[%emt 0:00:18] White is more active.} (24. Bxh7 g6 25. Re3 Rc7 $19) 24... h6 25. Re3 b6 26. Kc1 Ne6 {[%emt 0:00:06] [#] ...Nd4 would now be deadly.} 27. Kd2 Rc5 28. Bd3 Nf4 29. Bf1 Rd5+ 30. Ke1 Rc5 31. Kd2 {[%emt 0:00:12] Against Rc1} Rd5+ $1 32. Kc2 Rc5+ 33. Rc3 Ne6 34. b4 Rxc3+ 35. Kxc3 {[%emt 0:00:01] KB-KN} Ke7 {[%emt 0:00:00] [#]} 36. Bc4 $1 Nf4 37. g3 Ng6 {[%emt 0:00:00] A mistake that costs the game.} (37... Nh3 $16 {was worth a try.}) 38. Kd4 $18 f6 $2 (38... Nf8 39. Kd5 Nd7) 39. Kd5 $2 (39. h5 Ne5 40. Be2) 39... Kd7 40. Bd3 Ne5 (40... Ne7+ 41. Ke4 Kd6) 41. Bf5+ {[%emt 0:00:01] White is clearly winning.} Ke7 42. f4 Nf3 43. Be4 Nd2 44. Bd3 {[%emt 0:00:02] Prevents Nf1} Nf3 45. Kc6 Nd4+ 46. Kb7 Kd6 47. Kxa7 Kc7 48. a4 Nb3 49. Bc2 (49. a5 $142 bxa5 50. b6+ Kd6 51. b7) 49... Nd4 50. Bd1 Nf5 51. a5 {[%emt 0:00:00] Weighted Error Value: White=0.28 (precise) /Black=0.24 (precise) .  Mistake:       	White=1     	Black=5      OK:         	White=7     	Black=11     Best:        	White=3     	Black=1      Strong:       	---       	Black=1} 1-0

[Event "4th Nikity Blitz 2024"]
[Site "Niteroi"]
[Date "2024.08.31"]
[Round "8.5"]
[White "Quintiliano, Renato R."]
[Black "De Souza, Regis Gabetta"]
[Result "0-1"]
[ECO "D02"]
[WhiteElo "2499"]
[BlackElo "2116"]
[Annotator "TA"]
[PlyCount "90"]
[EventDate "2024.08.28"]
[EventType "swiss"]
[EventCountry "BRA"]
[SourceTitle "playchess.com"]
[Source "ChessBase"]
[SourceQuality "1"]
[TimeControl "180+2"]

1. d4 d5 2. Nf3 Nf6 3. Bf4 e6 4. e3 Bd6 5. Nbd2 O-O 6. Bd3 c5 7. dxc5 Bxc5 8. O-O Nc6 9. c4 Bd6 10. Bg5 Be7 11. Rc1 {[%emt 0:00:04] The position is equal.} h6 12. Bh4 d4 13. exd4 Nxd4 14. Nb3 Nc6 15. Re1 Nd7 16. Bg3 Bf6 ({Better is} 16... Nf6 $14) 17. Qe2 (17. Bb1 $16) 17... g6 (17... a5 $1 $14) 18. Rcd1 Qb6 19. h4 {[%emt 0:00:13][%cal Oh4h5] Hoping for h5!} h5 20. Ng5 {[%emt 0:00:01][%cal Od3g6] Threatens to win with Bxg6!} Nde5 (20... e5 $16) 21. Bb1 (21. c5 $18 Qb4 22. Bc2) 21... a5 $16 22. Ne4 (22. c5 $16 Qa6 23. Qe4) 22... Bg7 23. c5 Qa6 24. Qc2 Ng4 (24... a4 $14) 25. f3 (25. Bd6 $16) 25... Nf6 (25... Nh6 $1 $14) 26. Nd6 Nd5 $2 (26... Bd7 $16) 27. Qd2 $2 ({White has to play} 27. Nxf7 $1 $18 Nde7 (27... Rxf7 $2 {is the wrong capture.} 28. Rxd5 Rf5 29. Rd6 $18) 28. Nd6) 27... a4 $14 28. Bd3 Qa7 29. Nb5 Qa6 30. Nc1 (30. Nc7 $14 Qa7 31. Nxa8 (31. Nb5 Qa6 $16)) 30... Qa5 $11 31. Bd6 Qxd2 32. Rxd2 Rd8 33. Be4 (33. Bc4 $5) 33... Nf6 34. Nd3 Nxe4 35. Rxe4 {[%emt 0:00:01] [#]} e5 (35... b6 $1 $17 36. cxb6 (36. Bc7 $2 Ba6 $17) 36... Ba6) 36. Nc7 {[%emt 0:00:03] [#]} (36. Ree2 $11) 36... Ra7 (36... Ra5 $1 $17) 37. Rc4 (37. Nxe5 $2 {perishes.} Bxe5 38. Rde2 Bxd6 39. cxd6 Bf5 (39... Bd7 $2 40. Rf4 $19) 40. Re8+ Rxe8 41. Rxe8+ Kg7 $19) 37... Bf5 38. Nb4 Nxb4 39. Rxb4 a3 40. Nb5 Ra5 41. Nxa3 Rxc5 42. Bxc5 Rxd2 43. Rxb7 e4 44. fxe4 ({White should play} 44. Rb8+ $15 Kh7 45. Nc4) 44... Bxe4 $19 {[%emt 0:00:02] A strong pair of Bishops.} 45. Bf2 $2 (45. Rb8+ Kh7 46. g3) 45... Bxb7 {[%emt 0:00:01] Quite a comeback for Black.   Weighted Error Value: White=0.50/Black=0.31.  Loses game:     	---       	Black=1      Missed win:     	White=1     	---        Mistake:       	White=8     	Black=7      Inaccurate:     	White=5     	Black=3      OK:         	White=6     	Black=13     Best:        	White=1     	Black=4} 0-1

[Event "4th Nikity Blitz 2024"]
[Site "Niteroi"]
[Date "2024.08.31"]
[Round "9.1"]
[White "Santiago, Yago De Moura"]
[Black "Mekhitarian, Krikor Sevag"]
[Result "1-0"]
[ECO "D90"]
[WhiteElo "2455"]
[BlackElo "2560"]
[Annotator "TA"]
[PlyCount "85"]
[EventDate "2024.08.28"]
[EventType "swiss"]
[EventCountry "BRA"]
[SourceTitle "playchess.com"]
[Source "ChessBase"]
[SourceQuality "1"]
[TimeControl "180+2"]

1. d4 Nf6 2. c4 g6 3. Nc3 d5 4. Nf3 Bg7 5. h4 dxc4 6. e4 {[%emt 0:00:03] [#]} c5 $1 7. h5 (7. Bxc4 cxd4) 7... Nxh5 8. d5 {[%emt 0:00:01] Black is slightly better.} b5 9. Nxb5 (9. e5 O-O 10. Rh4 (10. Nxb5 Bg4 $17) 10... b4 $15) 9... Qa5+ {[%emt 0:00:01] [#]} 10. Nc3 $1 {[%emt 0:00:01][%cal Od1c2][%mdl 1024] White has compensation.} Nd7 (10... O-O 11. Bd2) 11. Qc2 (11. Bxc4 $2 Bxc3+ 12. Kf1 Ba6 $19) 11... Ba6 12. Be2 Rb8 13. Kf1 O-O {[%emt 0:00:30] [#]} (13... Qc7 $14) 14. Bd2 (14. e5 $1 $16) 14... Qc7 $11 15. g3 {[%emt 0:00:04] Repels Nf4} Qd6 16. Rd1 Qb6 (16... f5 $11) 17. Bc1 $14 Nhf6 18. Kg2 Bb7 ({Black should play} 18... Qb7 $14) 19. Rh4 {[%emt 0:00:03][%cal Oc1f4] White is more active.} h5 20. Bxc4 Ng4 21. Bb5 ({White should try} 21. Na4 $16 Qd6 22. b3) 21... Rbd8 22. a4 a6 23. Bc4 Nde5 24. Be2 (24. Nxe5 $11 Nxe5 25. b3) 24... c4 $17 25. Rf1 {[%emt 0:00:00] [#]} e6 (25... Nd3 $1 $17 {And now ...f5 would win.} 26. Bxd3 cxd3 27. Qxd3 f5) 26. Nxe5 $11 (26. Bg5 {seems wilder.} Rd7 27. Nxe5 Nxe5 28. Rd1) 26... Nxe5 27. Be3 Qd6 28. Rd1 exd5 29. Nxd5 {[%emt 0:00:01] Black must now prevent Bg5.} Nd3 30. Bxd3 (30. Qxc4 $2 {too greedy.} Nxb2 (30... Bxd5 $2 {loses.} 31. Qxd3 Bxb2 32. exd5 $18) 31. Qb3 Nxd1 32. Qxd1 Rfe8 $19) 30... Bxd5 {[%emt 0:00:05][%mdl 8192] This costs Black the game.} (30... cxd3 $14 31. Qxd3 (31. Rxd3 Qe6 $14) 31... Qe6) 31. Be2 $18 Bxe4+ 32. Rxe4 Qc6 33. Rxd8 Rxd8 34. Qxc4 Qf6 35. Bc1 Qb6 36. Bf3 Qb8 37. Qe2 Rc8 38. Bf4 Qb3 39. Re8+ Rxe8 40. Qxe8+ Kh7 41. Qc6 a5 42. Bd5 Qxb2 43. Bxf7 {[%emt 0:00:01] Weighted Error Value: White=0.19 (very precise) /Black=0.38.  Loses game:     	---       	Black=1      Mistake:       	White=3     	Black=4      Inaccurate:     	White=3     	Black=4      OK:         	White=10    	Black=7      Best:        	White=3     	Black=1      Brilliant:      	White=1     	---} 1-0

[Event "4th Nikity Blitz 2024"]
[Site "Niteroi"]
[Date "2024.08.31"]
[Round "9.2"]
[White "Pires, Marcos Vinicius Tors"]
[Black "Do Valle Cardoso, Lucas"]
[Result "0-1"]
[ECO "D00"]
[WhiteElo "2212"]
[BlackElo "2365"]
[Annotator "RC"]
[PlyCount "42"]
[EventDate "2024.08.28"]
[EventType "swiss"]
[EventCountry "BRA"]
[SourceTitle "playchess.com"]
[Source "ChessBase"]
[SourceQuality "1"]
[TimeControl "180+2"]

1. d4 d5 2. Bf4 c5 3. e3 Nc6 4. c3 Qb6 5. Qb3 c4 6. Qc2 e5 7. dxe5 Bf5 8. Qc1 g5 9. Bg3 h5 10. h4 g4 11. Ne2 Bg7 12. Nd4 Nge7 13. Nxf5 Nxf5 14. e4 Nxg3 15. fxg3 Bxe5 16. exd5 Bxg3+ 17. Kd1 Ne5 18. Nd2 O-O-O 19. Nxc4 Rxd5+ 20. Kc2 Qg6+ 21. Kb3 Rb5+ 0-1

[Event "4th Nikity Blitz 2024"]
[Site "Niteroi"]
[Date "2024.08.31"]
[Round "9.3"]
[White "Porto, Cristiano Nogueira"]
[Black "Perdomo, Leandro"]
[Result "0-1"]
[ECO "C68"]
[WhiteElo "2217"]
[BlackElo "2359"]
[Annotator "RC"]
[PlyCount "57"]
[EventDate "2024.08.28"]
[EventType "swiss"]
[EventCountry "BRA"]
[SourceTitle "playchess.com"]
[Source "ChessBase"]
[SourceQuality "1"]
[TimeControl "180+2"]

1. e4 e5 2. Nf3 Nc6 3. Bb5 a6 4. Bxc6 dxc6 5. O-O Bg4 6. h3 Bh5 7. g4 Bg6 8. Nxe5 Bd6 9. Nf3 h5 10. g5 Qd7 11. Kg2 O-O-O 12. Nc3 Bb4 13. d3 Bxc3 14. bxc3 Bxe4 15. Bf4 Bf5 16. Rh1 Ne7 17. Nd4 Ng6 18. Bg3 h4 19. Nxf5 Qxf5 20. Bh2 Qxg5+ 21. Qg4+ Qxg4+ 22. hxg4 h3+ 23. Kf3 f5 24. g5 Rh5 25. Rhg1 Nh4+ 26. Kf4 g6 27. Rg3 Ng2+ 28. Kf3 Re8 29. Rxh3 0-1

[Event "4th Nikity Blitz 2024"]
[Site "Niteroi"]
[Date "2024.08.31"]
[Round "9.4"]
[White "De Souza, Regis Gabetta"]
[Black "Di Berardino, Diego Rafael"]
[Result "1-0"]
[ECO "A45"]
[WhiteElo "2116"]
[BlackElo "2472"]
[Annotator "TA"]
[PlyCount "85"]
[EventDate "2024.08.28"]
[EventType "swiss"]
[EventCountry "BRA"]
[SourceTitle "playchess.com"]
[Source "ChessBase"]
[SourceQuality "1"]
[TimeControl "180+2"]

1. d4 Nf6 2. Nc3 e6 3. Bf4 Bb4 4. Qd3 d5 5. a3 Bd6 6. Bxd6 Qxd6 7. Nf3 b6 8. e4 {[%emt 0:00:07] aiming for e5. The position is equal.} Ba6 9. Qe3 Bxf1 (9... dxe4 $11 {keeps the balance.} 10. Nxe4 Nxe4 11. Bxa6 (11. Qxe4 Qd5 $14) 11... Nxa6 12. Qxe4 c6) 10. e5 $16 (10. Kxf1 dxe4 11. Nxe4 Nxe4 12. Qxe4 Qc6 $11) 10... Qf8 (10... Ng4 $16 11. Qg5 (11. exd6 $2 {too greedy.} Nxe3 12. dxc7 Na6 $19) 11... Qf8 (11... Nxe5 $2 12. dxe5 Qf8 13. Rxf1 $18) 12. Kxf1 (12. Rxf1 Nh6 $16) 12... Nh6) 11. Kxf1 $2 ({Weaker is} 11. Rxf1 Ng8 $14) (11. exf6 $18 Bxg2 12. Rg1 (12. Nxd5 Bxh1 13. Nxc7+ Kd7 $16) 12... gxf6 13. Rxg2) 11... Nfd7 (11... Ng8 $14) 12. Nb5 Na6 13. Qc3 {[%emt 0:00:10] White has more active pieces.} (13. Qb3 $16) 13... Qe7 $14 14. Nxc7+ Nxc7 15. Qxc7 O-O {[%emt 0:00:02] ...Rfc8 is the strong threat.} 16. Qc3 Rac8 17. Qd2 f6 18. exf6 (18. Re1 $16) 18... Nxf6 19. c3 Ne4 20. Qe3 Qe8 21. h4 Qb5+ 22. Qe2 Qb3 23. Re1 Rf6 24. Rh3 Rcf8 25. Kg1 b5 26. Rc1 a5 27. Qc2 Qxc2 28. Rxc2 Rc8 (28... h6 $14) 29. Re2 (29. Ne5 $16) 29... b4 30. cxb4 axb4 31. Ne5 ({Better is} 31. axb4 $16 {Black must now prevent Ng5.} Rb8 32. b5) 31... Rc1+ $15 32. Kh2 Nxf2 33. Rf3 $2 (33. Rxf2 $15 Rxf2 34. Nd3) 33... Rh1+ $19 34. Kg3 Ne4+ 35. Rxe4 dxe4 {[%emt 0:00:02][%mdl 4096] Endgame. KRR-KRN} 36. Re3 bxa3 37. bxa3 Ra1 38. Nc4 (38. Rxe4 $142 Rxa3+ 39. Nf3) 38... Rc1 39. Nd2 Rc2 40. Nxe4 {[%emt 0:00:02] [#]} Rg6+ 41. Kf4 (41. Ng5 {might work better.}) 41... Rcxg2 {[%emt 0:00:03] ...R2g4+ would now be deadly.} 42. Ng5 {[%emt 0:00:07] [#]} Rg4+ $4 43. Kxg4 {[%emt 0:00:01] Both players deserved the win here.   Weighted Error Value: White=0.42/Black=0.29 (precise) .  Loses game:     	White=1     	Black=1      Missed win:     	White=1     	Black=1      Mistake:       	White=6     	Black=3      Inaccurate:     	White=2     	Black=3      OK:         	White=12    	Black=8      Best:        	White=6     	Black=3} 1-0

[Event "4th Nikity Blitz 2024"]
[Site "Niteroi"]
[Date "2024.08.31"]
[Round "9.5"]
[White "Filgueiras, Nathan Felipe"]
[Black "Ribeiro, Matheus Mendes Domin"]
[Result "0-1"]
[ECO "B45"]
[WhiteElo "2316"]
[BlackElo "2244"]
[Annotator "RC"]
[PlyCount "78"]
[EventDate "2024.08.28"]
[EventType "swiss"]
[EventCountry "BRA"]
[SourceTitle "playchess.com"]
[Source "ChessBase"]
[SourceQuality "1"]
[TimeControl "180+2"]

1. e4 c5 2. Nf3 e6 3. d4 cxd4 4. Nxd4 Nf6 5. Nc3 Nc6 6. Ndb5 Bb4 7. Bf4 Nxe4 8. Qf3 d5 9. Nc7+ Kf8 10. O-O-O Bxc3 11. bxc3 e5 12. Nxd5 f5 13. Bg3 Qa5 14. Bc4 Be6 15. Bb3 Rd8 16. Nb4 Ke7 17. Bh4+ g5 18. Bg3 Nxb4 19. cxb4 Qa3+ 20. Kb1 Bxb3 21. axb3 Nd2+ 22. Rxd2 Rxd2 23. Qxf5 Rhd8 24. Qxe5+ Kf7 25. Qf5+ Kg8 26. Qxg5+ Kf7 27. Qf5+ Kg8 28. Qe6+ Kf8 29. Qf5+ Kg8 30. Qg5+ Kf7 31. Qf4+ Kg8 32. Qg4+ Kf8 33. Be5 Qa6 34. Qg7+ Ke8 35. Qg8+ Ke7 36. Qxh7+ Ke6 37. Qe4 Rd1+ 38. Rxd1 Rxd1+ 39. Kb2 Qa1# 0-1